 Dungeon Crawl Stone Soup version 0.21-a0-404-g291f19a (webtiles) character file.

36 graki42 the Magician (level 3, -2/19 HPs)
             Began as a Deep Elf Fire Elementalist on Oct 30, 2017.
             Slain by Natasha (7 damage)
             ... on level 2 of the Dungeon.
             The game lasted 00:02:24 (1099 turns).

graki42 the Magician (Deep Elf Fire Elementalist)   Turns: 1099, Time: 00:02:25

Health: -2/19      AC:  2    Str:  6    XL:     3   Next: 19%
Magic:  4/10       EV: 13    Int: 19    God:
Gold:   84         SH:  0    Dex: 15    Spells: 3/10 levels left

rFire    . . .     SeeInvis .   l - +2 dagger (venom)
rCold    . . .     Gourm    .   (no shield)
rNeg     . . .     Faith    .   a - +0 robe
rPois    .         Spirit   .   (no helmet)
rElec    .         Reflect  .   (no cloak)
rCorr    .         Harm     .   (no gloves)
MR       .....                  (no boots)
Stlth    ++........             (no amulet)
HPRegen  0.06/turn              (no ring)
MPRegen  0.12/turn              (no ring)

@: very slightly contaminated
A: no striking features
a: no special abilities


You were on level 2 of the Dungeon.
You were not hungry.

You visited 1 branch of the dungeon, and saw 2 of its levels.

You collected 84 gold pieces.

Inventory:

Hand Weapons
 l - a +2 dagger of venom (weapon)
Missiles
 d - 94 stones (quivered)
Armour
 a - a +0 robe (worn)
Scrolls
 e - a scroll of remove curse {unknown}
 g - 2 scrolls of teleportation {unknown}
 i - a scroll of identify {unknown}
Potions
 f - a potion of brilliance {unknown}
 h - a potion of agility {unknown}
 j - a potion of lignification {unknown}
 k - a potion of heal wounds {unknown}
Books
 b - a book of Flames

   Spells                             Type                      Level
   a - Flame Tongue                   Conjuration/Fire             1
   b - Throw Flame                    Conjuration/Fire             2
   c - Conjure Flame                  Conjuration/Fire             3
   d - Inner Flame                    Hexes/Fire                   3
   e - Sticky Flame                   Conjuration/Fire             4
   f - Fireball                       Conjuration/Fire             5
Comestibles
 c - 2 bread rations


   Skills:
 + Level 2.6 Dodging
 + Level 3.0 Stealth
 + Level 4.0 Spellcasting
 + Level 1.1 Conjurations
 + Level 3.8 Fire Magic


You had 3 spell levels left.
You knew the following spells:

 Your Spells              Type           Power        Failure   Level  Hunger
a - Flame Tongue          Conj/Fire      ##...        4%          1    None
b - Conjure Flame         Conj/Fire      ##......     14%         3    ###....
c - Inner Flame           Hex/Fire       ##......     19%         3    ###....


Dungeon Overview and Level Annotations

Branches:
Dungeon (2/15)

Altars:
Zin

Annotations:
D:2 Natasha


Message History

The flame tongue hits Natasha.
Natasha is almost dead.
Natasha stares at you and mumbles some strange words.
You resist with some effort.
Casting: Flame Tongue
Confirm with . or Enter, or press ? or * to list all spells.
Aiming: Flame Tongue
Press: ? - help, Shift-Dir - straight line, f/p - Natasha
Aim: Natasha (almost dead)
You miscast Flame Tongue.
You feel uncomfortably hot. Natasha casts a spell at you.
The magic dart hits you!
* * * LOW HITPOINT WARNING * * *
Casting: Flame Tongue
Confirm with . or Enter, or press ? or * to list all spells.
Aiming: Flame Tongue
Press: ? - help, Shift-Dir - straight line, f/p - Natasha
Aim: Natasha (almost dead)
The flame tongue misses Natasha.
Natasha claws you!
You die...

#...##.#.............#
#...##.#.............#
#...##.#..........$..#
#...##...............#
.....##......†.......#
>... +...............#
###.#+##....$...# #.#
#........# #.
+...@....# #.
#...h...##
##..........
#..........
#..........
...........
............
.............


You could see Natasha.

Vanquished Creatures
  An adder (D:2)
  A dart slug (D:1)
  A giant cockroach (D:1)
  4 goblins
  3 hobgoblins (D:1)
  7 jackals
  A kobold (D:1)
  A bat (D:1)
  A frilled lizard (D:1)
  A rat (D:2)
21 creatures vanquished.

Notes
Turn   | Place    | Note
-------+----------+-------------------------------------------
     0 | D:1      | graki42 the Deep Elf Fire Elementalist began the quest for the Orb.
     0 | D:1      | Reached XP level 1. HP: 10/10 MP: 6/6
   273 | D:1      | Reached XP level 2. HP: 15/15 MP: 4/8
  1000 | D:2      | Found a glowing silver altar of Zin.
  1019 | D:2      | Reached XP level 3. HP: 19/19 MP: 6/10
  1024 | D:2      | Learned a level 3 spell: Conjure Flame
  1028 | D:2      | Learned a level 3 spell: Inner Flame
  1068 | D:2      | Reached skill level 4 in Spellcasting
  1091 | D:2      | Noticed Natasha
  1099 | D:2      | Slain by Natasha

Vault maps used:
D:1:      dpeg_arrival_another_circle
D:2:      overflow_temple_1_default, nicolae_overflow_hidden_temple,
          lemuel_round_altar, uniq_terence, uniq_natasha

Skill      XL: |  1  2  3 |
---------------+----------+-----
Stealth        | 3 |  3.0
Spellcasting   | 4 |  4.0
Dodging        | |  2.6
Conjurations   | |  1.1
Fire Magic     | |  3.8

Action                   || total
-------------------------++-------
Melee: Unarmed           ||     5
 Cast: Flame Tongue      ||    39
Armor: Robe              ||     1
Dodge: Dodged            ||    13

Table legend:
 A = Spawn XP
 B = Non-spawn XP
 C = Spawn XP percentage of total XP
 D = Spawn monster count
 E = Non-spawn monster count
 F = Spawn count percentage of total count
 G = Total turns spent on level
                    A         B        C        D         E        F      G
               +---------+---------+-------+---------+---------+-------+---------
         Total |       0 |      52 |   0.0 |       0 |      21 |   0.0 |  1099
               +---------+---------+-------+---------+---------+-------+---------
           D:1 |       0 |      28 |   0.0 |       0 |      14 |   0.0 |   709
           D:2 |       0 |      24 |   0.0 |       0 |       7 |   0.0 |   390
               +---------+---------+-------+---------+---------+-------+---------
